Map: Whirlwind LE (Void)

Players

WhyAmIHere

  • Race: Terran Terran
  • League: Diamond
  • Spawn Location: 1:00

Musumeci - Winner!

  • Race: Zerg Zerg
  • League: Diamond
  • Spawn Location: 7:00

VOD

Have the link to the VOD?

Description

Time

  • Played on: Jan. 8, 2017, 7:28 a.m.
  • Length: 11:32
Show
View Real Time Build Order
Export as new Build Order

WhyAmIHere Terran 

Build Orders: MMM Bio 

Get SALT Encoding   

  12  0:02  SCV  
  13  0:14  SCV  
  14  0:22  Supply Depot  
  14  0:26  SCV  
  15  0:43  SCV  
  15  0:49  Barracks  
  16  0:53  Refinery  
  16  0:55  SCV  
  17  1:03  Refinery  
  17  1:08  SCV  
  18  1:20  SCV  
  19  1:32  SCV  
  20  1:38  Reaper  
  21  1:44  Orbital Command  
  21  2:03  Factory  
  21  2:07  Supply Depot  
  21  2:10  SCV  
  21  2:12  Marine  
  23  2:29  SCV  
  24  2:30  Barracks Reactor  
  24  2:36  Barracks  
  24  2:41  SCV  
  25  2:53  SCV  
  26  3:05  SCV  
  26  3:11  Starport  
  26  3:12  Marine x2  
  27  3:14  Starport  
  27  3:17  SCV  
  30  3:25  Barracks Tech Lab  
  30  3:30  SCV  
  30  3:32  Command Center  
  31  3:52  Bunker  
  31  3:53  Starport Reactor x2  
  31  4:07  Supply Depot  
  31  4:08  Supply Depot  
  31  4:17  Liberator, Stimpack  
  31  4:28  Widow Mine, SCV, Marine x2  
  36  4:31  Supply Depot  
  36  4:35  Supply Depot  
  39  4:40  SCV  
  39  4:41  Medivac  
  42  4:48  Orbital Command  
  42  4:51  Marine  
  43  4:53  SCV, Marine  
  45  5:05  SCV  
  46  5:07  Liberator  
  46  5:11  Marine x2  
  48  5:17  SCV  
  49  5:26  SCV  
  53  5:29  SCV  
  53  5:30  Marine x2  
  56  5:38  SCV  
  56  5:41  SCV  
  58  5:47  Command Center  
  58  5:50  SCV  
  58  5:51  Liberator  
  58  5:52  Refinery  
  58  5:53  Refinery, SCV  
  60  6:02  Liberator, SCV  
  61  6:05  SCV, Supply Depot  
  65  6:14  SCV  
  65  6:17  SCV  
  67  6:21  Marine  
  67  6:22  Marine x2  
  67  6:25  Factory Reactor  
  72  6:26  SCV  
  72  6:29  SCV  
  74  6:36  Combat Shields  
  74  6:38  SCV  
  74  6:39  Marine x2  
  75  6:40  Marine  
  75  6:41  Liberator, Supply Depot  
  75  6:42  Supply Depot x2  
  75  6:45  Engineering Bay  
  78  6:58  Marine  
  78  6:59  SCV x2  
  84  7:05  Supply Depot  
  84  7:06  Supply Depot x2  
  84  7:11  SCV x2  
  84  7:14  SCV  
  87  7:18  Marine x2  
  87  7:19  Widow Mine x2, Marine  
  87  7:20  Medivac  
  96  7:23  SCV x2  
  96  7:25  Terran Infantry Weapons Level 1  
  96  7:26  SCV  
  99  7:30  Supply Depot  
  99  7:35  SCV x2  
  99  7:36  Supply Depot  
  101  7:38  Orbital Command  
  101  7:45  Marine x2  
  101  7:47  Widow Mine, SCV  
  101  7:48  Widow Mine  
  101  7:49  Liberator x2  
  101  7:50  Liberator  
  97  8:03  Marine x2  
  97  8:04  Marine  
  91  8:08  Orbital Command  
  100  8:19  Widow Mine  
  102  8:20  Widow Mine  
  102  8:21  SCV, Marine x2  
  102  8:22  Marine  
  102  8:25  SCV, Supply Depot  
  108  8:40  Liberator x2  
  108  8:41  Liberator  
  107  8:44  Marine x2  
  107  8:45  Marauder  
  103  9:00  Widow Mine x2  
  103  9:02  Marine x2  
  118  9:06  Marauder  
  118  9:08  SCV  
  120  9:10  SCV x2  
  120  9:15  Barracks  
  120  9:16  Barracks  
  122  9:19  Marine  
  122  9:21  Barracks  
  123  9:26  SCV x2, Liberator x2  
  123  9:27  Marauder, SCV  
  128  9:32  Terran Infantry Armor Level 1  
  128  9:34  Armory  
  128  9:35  Engineering Bay  
  128  9:38  SCV  
  129  9:45  Widow Mine, Marine x2  
  137  9:48  SCV x2  
  137  9:49  Marauder  
  137  9:51  SCV  
  144  9:54  Liberator  
  144  10:00  SCV x2  
  144  10:02  Refinery  
  144  10:03  SCV, Marine x2  
  144  10:04  Refinery  
  144  10:05  Bunker  
  149  10:09  Widow Mine  
  149  10:10  Marine, Medivac  
  149  10:12  SCV, Barracks Tech Lab  
  158  10:18  Barracks Reactor  
  158  10:20  Supply Depot  
  158  10:21  Barracks Reactor, Marine x2, Supply Depot  
  120  11:04  Marine x3  
  120  11:05  Marauder  
  120  11:07  Marine x3  
  120  11:08  Marauder  
Show
View Real Time Build Order
Export as new Build Order

Musumeci Zerg - Winner!

Build Orders: Hatch First 

Get SALT Encoding   

  12  0:01  Drone  
  13  0:09  Drone  
  14  0:18  Drone, Extractor  
  15  0:42  Hatchery  
  14  0:59  Extractor  
  14  1:00  Drone x2, Extractor  
  14  1:04  Spawning Pool  
  15  1:13  Extractor  
  15  1:15  Drone, Extractor  
  16  1:22  Overlord  
  16  1:40  Drone x2  
  16  1:43  Drone  
  19  1:54  Drone x2  
  21  2:03  Queen x2  
  21  2:05  Overlord  
  25  2:09  Drone  
  26  2:19  Extractor  
  26  2:20  Extractor  
  26  2:22  Overlord  
  24  2:25  Drone  
  24  2:26  Drone x2  
  27  2:44  Drone x2  
  29  2:53  Roach Warren  
  29  2:55  Queen  
  30  3:21  Queen  
  32  3:37  Roach x4  
  40  4:00  Drone  
  40  4:01  Drone x3  
  44  4:25  Overlord  
  44  4:26  Overlord  
  44  4:40  Evolution Chamber x2  
  44  4:44  Drone  
  44  4:45  Drone x11  
  54  4:50  Lair  
  54  5:23  Extractor  
  54  5:24  Extractor  
  54  5:26  Overlord x4  
  52  5:43  Spore Crawler  
  52  5:45  Spore Crawler  
  50  5:50  Ravager x4, Spore Crawler  
  50  5:52  Drone x3, Spore Crawler  
  50  5:53  Drone x2  
  57  5:57  Drone x4  
  57  5:58  Drone x3  
  57  6:03  Zerg Ground Armor Level 1, Zerg Missile Weapons Level 1  
  64  6:04  Glial Reconstitution  
  64  6:19  Hatchery  
  63  6:29  Roach  
  63  6:30  Roach x5  
  75  6:33  Drone  
  76  6:40  Drone  
  76  6:45  Spore Crawler  
  76  6:59  Ravager x2  
  76  7:00  Roach x3  
  76  7:01  Overlord x4  
  84  7:14  Overlord  
  84  7:15  Overseer, Overlord  
  84  7:26  Drone  
  84  7:27  Drone x5  
  90  7:34  Ravager  
  90  7:35  Roach, Ravager  
  90  7:36  Ravager  
  90  7:37  Ravager  
  96  7:47  Roach x3  
  99  8:03  Roach x3  
  99  8:04  Roach x9  
  118  8:10  Drone  
  119  8:13  Extractor  
  119  8:14  Extractor  
  119  8:17  Zerg Missile Weapons Level 2, Zerg Ground Armor Level 2  
  117  8:35  Roach x6  
  129  8:41  Overlord x6  
  120  9:07  Roach x7  
  120  9:08  Roach x4  
  142  9:19  Ravager x5  
  142  9:21  Infestation Pit  
  146  9:31  Drone x9  
  153  9:34  Drone x3  
  153  9:35  Drone x2  
  153  9:36  Drone  
  161  9:52  Overlord  
  161  9:53  Overlord x2  
  161  9:54  Hatchery  
  161  9:55  Ravager x3  
  161  9:56  Ravager  
  164  10:10  Hive  
  164  10:12  Tunneling Claws  
  164  10:15  Burrow  
  164  10:17  Roach x2  
  164  10:18  Roach  
  170  10:35  Spore Crawler  
  170  10:36  Spore Crawler  
  170  10:37  Spore Crawler  
  165  10:49  Roach  
  164  10:50  Roach x9  
  173  11:05  Roach  
  173  11:06  Roach x12  
  190  11:28  Ravager x7  
Tags
 
Composition
MMM Bio
Matchup
TvZ
Replay Pack
replay pack
Spawn Locations
Cross Positions
Add a new tag
Caveats
  • Supply blocks, unpowered buildings, or Contaminate may cause inaccurate times.
  • Supply counts are checked every 10 seconds.